 Dungeon Crawl Stone Soup version 0.31-a0-152-g6aa68a64a1 (webtiles) character file.

Game seed: 4983916291426257264

63 qw the Shooter (level 4, -1/28 HPs)
             Began as a Gargoyle Hunter on June 10, 2023.
             Slain by a worm (5 damage)
             ... on level 2 of the Dungeon.
             The game lasted 00:00:28 (1039 turns).

qw the Shooter (Gargoyle Hunter)                    Turns: 1039, Time: 00:00:29

Health: -1/28      AC:  6    Str: 15    XL:     4   Next: 10%
Magic:  4/4        EV: 11    Int:  9    God:
Gold:   128        SH:  0    Dex: 15    Spells: 3/3 levels left

rFire   . . .        Y - +0 shortbow
rCold   . . .        (shield currently unavailable)
rNeg    + . .        c - +0 leather armour
rPois   inf          (no helmet)
rElec   +            (no cloak)
rCorr   .            (no gloves)
SInv    .            (no boots)
Will    .....        g - amulet of the acrobat
Stlth   ++           (no ring)
HPRegen 0.24/turn    (no ring)
MPRegen 0.09/turn

%: acrobat
@: no status effects
A: sickness immunity, AC +3, negative energy resistance 1, electricity
resistance, torment resistance 1, petrification resistance
a: no special abilities


You were on level 2 of the Dungeon.
You visited 1 branch of the dungeon, and saw 2 of its levels.

You collected 128 gold pieces.


Innate Abilities, Weirdness & Mutations

You are immune to sickness and miasma.
Your stone body is resilient. (AC +3)
You are immune to poison.
You resist negative energy. (rN+)
You are resistant to electric shocks. (rElec)
You are resistant to unholy torment.
You are immune to petrification.


   Skills:
 - Level 3.2 Fighting
 + Level 5.1 Ranged Weapons
 - Level 1.5 Dodging
 - Level 1.1 Stealth


You had 3 spell levels left.
You didn't know any spells.
Your spell library was empty.

Inventory:

Hand Weapons
 Y - a +0 shortbow (weapon)
Armour
 c - a +0 leather armour (worn)
Jewellery
 g - an amulet of the acrobat (around neck)
Scrolls
 b - a scroll of poison {unknown}
 h - a scroll of fog {unknown}
 i - a scroll of enchant weapon {unknown}
 j - a scroll of silence {unknown}
 k - a scroll of noise {unknown}
Potions
 a - a potion of heal wounds {unknown}
 d - a potion of enlightenment {unknown}
 e - a potion of lignification {unknown}
 f - a potion of berserk rage {unknown}

Dungeon Overview and Level Annotations

Branches:
Dungeon (2/15)

Altars:
Ru


Message History

You shoot an arrow. The arrow completely misses the worm.
You shoot an arrow. The arrow barely misses the worm.
You shoot an arrow.
The arrow hits the worm but does no damage.
The worm is lightly wounded.
You shoot an arrow. The arrow hits the worm.
The worm is moderately wounded.
The worm bites you!
You shoot an arrow. The arrow barely misses the worm.
You shoot an arrow. The arrow barely misses the worm.
The worm bites you.
You shoot an arrow. The arrow hits the worm.
The worm is heavily wounded.
The worm closely misses you.
You shoot an arrow. The arrow hits the worm.
The worm is heavily wounded.
You shoot an arrow. The arrow hits the worm.
The worm is severely wounded.
The worm bites you.
You shoot an arrow. The arrow hits the worm.
The worm is almost dead.
The worm closely misses you.
You shoot an arrow.
The arrow hits the worm but does no damage.
The worm is severely wounded.
You shoot an arrow. The arrow barely misses the worm.
The worm bites you!
You shoot an arrow. The arrow hits the worm.
The worm is severely wounded.
The worm bites you.
You shoot an arrow. The arrow hits the worm.
The worm is almost dead.
The worm closely misses you.
You shoot an arrow.
The arrow hits the worm but does no damage.
The worm is severely wounded.
You shoot an arrow. The arrow hits the worm.
The worm is almost dead.
The worm bites you.
You die...

......##.#..# #.......#....
#.###.##.##.# #...%...#.... ..#
#......># #.......#...)
#.###..#.##.## ##.....###...
.............# ##...## ##..
.............###+#######'#######'
#.#.#..#.#.......................
#.#..............................
#.###..#.#......@................
#............###w#######%#######'
.............##... ##...## ##..
#.##..##.#..##..%.. ##.....###...
#.##..####..#.......#.......#....
#.##........#.......#.......#....
.......###.##...$...#.......#....
............##.....###.....###...
#.##...###..# ##...## ##..


You could see a worm.

Vanquished Creatures
  2 adders (D:2)
  A worm (D:2)
  3 dart slugs
  3 ball pythons
  5 bats
  8 endoplasms
  2 goblins
  3 hobgoblins
  3 kobolds
  A quokka (D:2)
  3 frilled lizards
  A rat (D:1)
35 creatures vanquished.

Notes
Turn   | Place    | Note
-------+----------+-------------------------------------------
     0 | D:1      | qw the Gargoyle Hunter began the quest for the Orb.
     0 | D:1      | Reached XP level 1. HP: 12/12 MP: 1/1
     0 | D:1      | 0 ||| qw: Version: 0.2-a-29-g767f381
     0 | D:1      | 0 ||| qw: Game counter: 3924
     0 | D:1      | 0 ||| qw: Always use a shield: true
     0 | D:1      | 0 ||| qw: God list: Okawaru
     0 | D:1      | 0 ||| qw: Allow faded altars: false
     0 | D:1      | 0 ||| qw: Do Orc after D:15 true
     0 | D:1      | 0 ||| qw: Do second Lair branch before Depths: true
     0 | D:1      | 0 ||| qw: Lair rune preference: random
     0 | D:1      | 0 ||| qw: Plans: Normal, Zot:1-4, Slime:5, God:TSO, Crypt,
                  | Tomb, Abyss, Pan, Hells, Win
     0 | D:1      | 0 ||| PLANNING D:1-11
   124 | D:1      | Reached XP level 2. HP: 17/17 MP: 2/2
   386 | D:1      | 386 ||| UPGRADING to amulet of the acrobat.
   391 | D:1      | 391 ||| READING scroll labelled ROTYES FAXUVO.
   392 | D:1      | 392 ||| DROPPING scroll of butterflies.
   431 | D:2      | Reached XP level 3. HP: 21/21 MP: 3/3
   466 | D:2      | Reached skill level 5 in Ranged Weapons
   634 | D:2      | Found a sacrificial altar of Ru.
   986 | D:2      | Reached skill level 3 in Fighting
   986 | D:2      | Reached XP level 4. HP: 25/28 MP: 4/4
  1036 | D:2      | HP: 3/28 [worm (6)]
  1039 | D:2      | Slain by a worm

Levels and vault maps discovered:
D:1:      eino_arrival_water_star, layout_rooms, solitary_fountain
D:2:      kennysheep_six_static_rooms, layout_basic, basic_altar,
          serial_bayou_lagoon_a, minmay_pentomino_s2

Skill      XL: |  1  2  3 |
---------------+----------+-----
Ranged Weapons | 5 |  5.1
Fighting       | 3 |  3.2
Dodging        | |  1.5
Stealth        | |  1.1

Action                     |  1- 3 |  4- 6 || total
---------------------------+-------+-------++-------
   Fire: Shortbow          |    90 |    22 ||   112
    Use: Scroll            |     1 |       ||     1
 Armour: Leather armour    |    12 |       ||    12
  Dodge: Dodged            |    14 |     3 ||    17

Table legend:
 A = Non-vault XP
 B = Vault XP
 C = Vault XP percentage of total XP
 D = Non-vault monster count
 E = Vault monster count
 F = Vault count percentage of total count
                 A         B        C        D         E       F
            +---------+---------+-------+---------+---------+-------
      Total |      62 |      29 |  31.9 |      28 |       7 |  20.0
            +---------+---------+-------+---------+---------+-------
        D:1 |      32 |       0 |   0.0 |      16 |       0 |   0.0
        D:2 |      30 |      29 |  49.2 |      12 |       7 |  36.8
            +---------+---------+-------+---------+---------+-------
